 Dungeon Crawl Stone Soup version 0.26.0-90-g5fd8617961 (webtiles) character file.

Game seed: 17625369092209872318

53 Gadfly the Cudgeller (level 3, -4/36 HPs)
             Began as an Ogre Gladiator on Feb 3, 2021.
             Slain by Sigmund
             ... wielding a +2 scythe of protection
              (9 damage)
             ... on level 2 of the Dungeon.
             The game lasted 00:02:28 (2237 turns).

Gadfly the Cudgeller (Ogre Gladiator)               Turns: 2237, Time: 00:02:28

Health: -4/36      AC:  3    Str: 19    XL:     3   Next: 87%
Magic:  4/4        EV: 10    Int:  9    God:
Gold:   83         SH:  0    Dex: 10    Spells: 2/2 levels left

rFire    . . .     SeeInvis .   b - +1 spear (venom)
rCold    . . .     Faith    .   (no shield)
rNeg     . . .     Spirit   .   g - +0 robe
rPois    .         Reflect  .   c - +0 hat
rElec    .         Harm     .   (no cloak)
rCorr    .         Rampage  .   (gloves unavailable)
Will     .....                  (boots unavailable)
Stlth    ..........             (no amulet)
HPRegen  0.12/turn              e - ring of attention (curse)
MPRegen  0.09/turn              (no ring)

@: no status effects
A: large, unfitting armour, tough skin 1
a: no special abilities


You were on level 2 of the Dungeon.
You visited 1 branch of the dungeon, and saw 2 of its levels.

You collected 83 gold pieces.

Inventory:

Hand Weapons
 a - a +1 flail
 b - a +1 spear of venom (weapon)
Missiles
 d - 3 throwing nets
 h - 64 stones (quivered)
Armour
 c - a +0 hat (worn)
 g - a +0 robe (worn)
Jewellery
 e - a cursed ring of attention (left hand)
 l - a +4 ring of evasion
Scrolls
 i - 4 scrolls of identify
Potions
 k - a potion of flight {unknown}


   Skills:
 - Level 2.6 Fighting
 + Level 2.9 Maces & Flails
 + Level 2.2 Throwing
 * Level 1.2 Armour
 - Level 2.6 Dodging
 * Level 1.7 Invocations
 * Level 1.1 Evocations


You had 2 spell levels left.
You didn't know any spells.
Your spell library was empty.

Dungeon Overview and Level Annotations

Branches:
Dungeon (2/15)

Altars:
Yredelemnul

Annotations:
D:2 Natasha, Sigmund


Innate Abilities, Weirdness & Mutations

You are too large for most types of armour.
You have tough skin. (AC +1)


Message History

You feel much better. Sigmund hits you but does no damage.
Sigmund hits you with a +2 scythe of protection!
You completely miss Sigmund.
Sigmund is moderately wounded.
Sigmund hits you with a +2 scythe of protection.
You barely miss Sigmund.
Sigmund is moderately wounded.
Sigmund hits you with a +2 scythe of protection!
* * * LOW HITPOINT WARNING * * *
You hit Sigmund but do no damage.
Sigmund looks even sicker.
Sigmund is moderately wounded.
Sigmund hits you with a +2 scythe of protection.
* * * LOW HITPOINT WARNING * * *
You feel better.
Sigmund hits you with a +2 scythe of protection.
* * * LOW HITPOINT WARNING * * *
You barely miss Sigmund.
Sigmund is moderately wounded.
Sigmund hits you with a +2 scythe of protection!
You die...

##### #...#
#####################...#
.......@@.(..............
#...###########.########)
# #.# #. #.# ##
######.#### ..##......#
+# # #.##......# ...
#.#.##......# ....
#.#.##......#


You could see Sigmund (fast, very poisoned).

Vanquished Creatures
  2 adders (D:2)
  An ooze (D:1)
  2 giant cockroaches (D:1)
  2 goblins
  6 hobgoblins
  2 jackals (D:1)
  6 bats
  A frilled lizard (D:1)
  4 kobolds
  2 rats
28 creatures vanquished.

Notes
Turn   | Place    | Note
-------+----------+-------------------------------------------
     0 | D:1      | Gadfly the Ogre Gladiator began the quest for the Orb.
     0 | D:1      | Reached XP level 1. HP: 22/22 MP: 1/1
   488 | D:1      | Reached XP level 2. HP: 29/29 MP: 2/2
   599 | D:1      | Reached skill level 1 in Invocations
  1221 | D:1      | Reached XP level 3. HP: 33/36 MP: 3/3
  1510 | D:2      | Reached skill level 1 in Armour
  1510 | D:2      | Reached skill level 1 in Evocations
  1787 | D:2      | Found a basalt altar of Yredelemnul.
  1903 | D:2      | Noticed Natasha
  2222 | D:2      | Noticed Sigmund
  2237 | D:2      | Slain by Sigmund

Illustrated notes

Levels and vault maps discovered:
D:1:      minmay_arrival_five_plusses, layout_loops_ring,
          minmay_misc_feat_columns, grunt_decor_cap
D:2:      layout_basic, lemuel_crystal_altar, uniq_natasha, uniq_sigmund

Skill      XL: |  1  2  3 |
---------------+----------+-----
Invocations    | 1 |  1.7
Armour         | 1 |  1.2
Evocations     | 1 |  1.1
Fighting       | |  2.6
Maces & Flails | |  2.9
Throwing       | |  2.2
Dodging        | |  2.6

Action                   || total
-------------------------++-------
Melee: Flail             ||   103
       Spear             ||    26
  Use: Scroll            ||     6
       Potion            ||     4
Armor: Robe              ||    43
Dodge: Dodged            ||    66
